 Dungeon Crawl Stone Soup version 0.18.1-48-g4cf74bf (webtiles) character file.

124 Antonin the Shooter (level 4, -3/29 HPs)
             Began as a High Elf Hunter on Sept 11, 2016.
             Slain by an orc wizard
             ... wielding a +0 dagger
              (5 damage)
             ... on level 3 of the Dungeon.
             The game lasted 00:10:45 (2839 turns).

Antonin the Shooter (High Elf Hunter)               Turns: 2839, Time: 00:10:45

Health: -3/29      AC:  7    Str: 11    XL:     4   Next: 81%
Magic:  5/5        EV: 13    Int: 14    God:
Gold:   123        SH:  0    Dex: 21    Spells: 0 memorised, 3 levels left

rFire  . . .     SeeInvis .     a - +1 shortbow
rCold  . . .     Gourm    .     j - +0 leather armour (curse)
rNeg   . . .     Faith    .     (shield currently unavailable)
rPois  .         Spirit   .     (no helmet)
rElec  .         Dismiss  .     q - +0 cloak
rCorr  .         Reflect  .     g - +2 pair of gloves
SustAt .         Harm     .     (no boots)
MR     +....                    (no amulet)
Stlth  ++........               i - +4 ring of dexterity
                                e - ring of protection from magic

@: somewhat resistant to hostile enchantments, unstealthy
A: no striking features
a: no special abilities


You were on level 3 of the Dungeon.
You were not hungry.

You visited 1 branch of the dungeon, and saw 3 of its levels.

You collected 123 gold pieces.

Inventory:

Hand Weapons
 a - a +1 shortbow (weapon)
 b - a +0 short sword
Missiles
 d - 31 arrows (quivered)
Armour
 g - a +2 pair of gloves (worn)
 j - a cursed +0 leather armour (worn)
 q - a +0 cloak (worn)
Jewellery
 e - a ring of protection from magic (left hand)
 i - a +4 ring of dexterity (right hand)
Scrolls
 c - 3 scrolls of identify {unknown}
 h - 2 scrolls of blinking {unknown}
 k - a scroll of amnesia {unknown}
 l - a scroll of enchant weapon {unknown}
 o - a scroll of fog {unknown}
 t - a scroll of remove curse {unknown}
 v - a scroll of fear {unknown}
Potions
 m - 2 potions of agility {unknown}
 n - a potion of berserk rage {unknown}
 p - a potion of lignification {unknown}
 u - a potion of curing {unknown}
Comestibles
 f - 2 bread rations
 r - a meat ration
 s - a beef jerky


   Skills:
 - Level 2.0 Fighting
 * Level 6.9 Bows
 + Level 3.1 Dodging
 + Level 3.0 Stealth


You had 3 spell levels left.
You didn't know any spells.

Dungeon Overview and Level Annotations

Branches:
Dungeon (3/15)

Altars:
Xom

Annotations:
D:3 dricus's ghost, amateur HOFi


Message History

Press: ? - help, Shift-Dir - straight line, f/p - orc priest
Aim: an orc priest, wielding a hand axe of electrocution (almost dead)
You shoot an arrow. The arrow hits the orc priest.
You kill the orc priest!
Your Dodging skill increases to level 3!
Your Stealth skill increases to level 3!
Something hits you.
* * * LOW HITPOINT WARNING * * *
Firing (i - inventory):
d - 33 arrows (quivered)
Press: ? - help, Shift-Dir - straight line, f - orc
Aim: an orc, wielding a mace (resting)
You shoot an arrow. The orc shouts!
The orc moves out of view.
You hear some strange, mumbled words.
Firing (i - inventory):
d - 32 arrows (quivered)
Press: ? - help, Shift-Dir - straight line, f - orc
Aim: an orc You shoot an arrow.
Something hits you.
You die...

#..#.##...
####$#.###.........
#$(................
#o##o##.##.##......
#. #.##.##.##.##(..
#( #.##.##.##.##.##
#( #.##.##.......#
#(##.##.###...†.##
#)@......##.....#
####......#.....#
#............#
#............#
#.......######
##.....## ##...##
#...>.. #.#.##.#


You could see an orc.

Vanquished Creatures
  An orc priest (D:3)
  3 adders (D:2)
  An ooze (D:2)
  A worm (D:2)
  A dart slug (D:2)
  A giant gecko (D:1)
  An orc (D:3)
  10 bats
  4 giant cockroaches
  7 goblins
  4 hobgoblins
  7 jackals
  A ball python (D:2)
  3 giant newts
  4 kobolds
  6 rats
55 creatures vanquished.

Notes
Turn   | Place    | Note
--------------------------------------------------------------
     0 | D:1      | Antonin the High Elf Hunter began the quest for the Orb.
     0 | D:1      | Reached XP level 1. HP: 14/14 MP: 2/2
   483 | D:1      | Reached XP level 2. HP: 19/19 MP: 3/3
  1127 | D:1      | Reached skill level 6 in Bows
  1212 | D:2      | Reached XP level 3. HP: 23/24 MP: 4/4
  1914 | D:2      | Reached XP level 4. HP: 19/29 MP: 5/5
  2111 | D:2      | Found a shimmering altar of Xom.
  2588 | D:3      | Noticed dricus's ghost (amateur HOFi)
  2839 | D:3      | Slain by an orc wizard

Skill      XL: |  1  2  3  4 |
---------------+-------------+-----
Bows           | 6 |  6.9
Stealth        | 2 3 |  3.0
Dodging        | 3 |  3.1
Fighting       | |  2.0

Action                   |  1- 3 |  4- 6 || total
-------------------------+-------+-------++-------
Melee: Short sword       |   156 |    35 ||   191
 Fire: Shortbow          |    18 |    21 ||    39
 Stab: Sleeping          |     3 |       ||     3
  Eat: Chunk             |     3 |     3 ||     6
Armor: Leather armour    |    70 |    14 ||    84
Dodge: Dodged            |   158 |    28 ||   186
